 Dungeon Crawl Stone Soup version 0.26-a0-1181-gd376ed14c5 (webtiles) character file.

Game seed: 12371970908319620717

2302 Arthanis the Arsonist (level 9, -9/45 HPs)
             Began as a Deep Elf Fire Elementalist on Dec 26, 2020.
             Was an Initiate of Vehumet.
             Mangled by a gnoll
             ... wielding a +3 quarterstaff
              (15 damage)
             ... on level 6 of the Dungeon.
             The game lasted 00:11:57 (7731 turns).

Arthanis the Arsonist (Deep Elf Fire Elementalist)  Turns: 7731, Time: 00:11:57

Health: -9/45      AC:  3    Str:  8    XL:     9   Next: 17%
Magic:  3/23       EV:  6    Int: 24    God:    Vehumet [......]
Gold:   233        SH:  0    Dex: 11    Spells: 12/25 levels left

rFire    . . .     SeeInvis .   p - +0 quarterstaff "Arcanum" {vorpal, Str+3}
rCold    . . .     Faith    .   (shield currently unavailable)
rNeg     . . .     Spirit   .   a - +0 robe
rPois    .         Reflect  .   (no helmet)
rElec    .         Harm     .   e - +0 cloak
rCorr    .         Rampage  .   (no gloves)
Will     .....                  (no boots)
Stlth    +.........             (no amulet)
HPRegen  0.15/turn              j - ring of attention (curse)
MPRegen  0.18/turn              w - -4 ring of dexterity (curse)

@: held
A: no striking features
a: Renounce Religion


You were on level 6 of the Dungeon.
You worshipped Vehumet.
Vehumet was noncommittal.
You visited 2 branches of the dungeon, and saw 7 of its levels.

You collected 233 gold pieces.

Inventory:

Hand Weapons
 g - a +0 dagger
 o - a +2 dagger of speed
 p - the +0 quarterstaff "Arcanum" (weapon) {vorpal, Str+3}
   (You found it on level 6 of the Dungeon)

   It inflicts extra damage upon your enemies.
   It affects your strength (+3).
Armour
 a - a +0 robe (worn)
 e - a +0 cloak (worn)
Jewellery
 j - a cursed ring of attention (left hand)
 m - a +6 ring of dexterity
 n - an uncursed ring of ice
 w - a cursed -4 ring of dexterity (right hand)
Wands
 t - a wand of acid (7)
 v - a wand of polymorph (14)
Scrolls
 b - a scroll of amnesia
 c - a scroll of immolation
 f - a scroll of enchant weapon
 k - 2 scrolls of magic mapping
 l - 4 scrolls of teleportation
 u - 2 scrolls of fog
Potions
 d - a potion of cancellation {unknown}
 h - 2 potions of might {unknown}
 i - a potion of curing
 r - 2 potions of lignification {unknown}
 s - a potion of heal wounds {unknown}
 x - a potion of invisibility {unknown}


   Skills:
 - Level 2.4 Dodging
 - Level 2.4 Stealth
 + Level 8.5 Spellcasting
 + Level 6.7 Conjurations
 * Level 10.1 Fire Magic


You had 12 spell levels left.
You knew the following spells:

 Your Spells              Type           Power        Failure   Level
a - Foxfire               Conj/Fire      100%         1%          1
b - Conjure Flame         Conj/Fire      50%          1%          3
c - Sticky Flame          Conj/Fire      50%          1%          4
d - Fireball              Conj/Fire      25%          5%          5

Your spell library contained the following spells:

 Spells                   Type           Power        Failure   Level
 Inner Flame              Hex/Fire       34%          2%          3


Dungeon Overview and Level Annotations

Branches:
Dungeon (6/15)             Temple (1/1) D:6

Altars:
Gozag
Vehumet
The Shining One


Message History

The gnoll throws a throwing net.
The throwing net hits you.
You become entangled in the net!
You see here a throwing net.
Casting: Sticky Flame (dangerous; 1% risk of failure)
Confirm with . or Enter, or press ? or * to list all spells.
You conjure some foxfire!
Casting: Foxfire (safe; 1% risk of failure)
Confirm with . or Enter, or press ? or * to list all spells.
You don't have enough magic to cast that spell.
Unknown command.
You struggle against the net.
The gnoll hits you with a +3 quarterstaff.
* * * LOW HITPOINT WARNING * * *
You struggle against the net.
The gnoll hits you but does no damage.
You struggle against the net.
The gnoll hits you with a +3 quarterstaff!
* * * LOW HITPOINT WARNING * * *
You feel better.
The gnoll hits you with a +3 quarterstaff!
You die...

#.# ###...# #.go## .
#.<###...### ###(.#
..###..#..### ##o#
....#...#### #†#
#.##..#.....## #.#
#......)###((## #.g
####.#)...(...####
### # ##g###.#>...##
#@# #.####..#
#..vv.##....##.##
#..##.#####÷##..#####
....
#.........#.<....
.....
#####.....#.....#
..... #.......♣.♣.#
.... #........>).#
.... #######.♣)♣..
#.....#


You could see a gnoll.

Vanquished Creatures
  Eustachio (D:4)
  A water moccasin (D:6)
  3 sky beasts
  A phantom (D:4)
  An ice beast (D:5)
  A necrophage (D:6)
  3 ogres
  4 centaurs
  A bullfrog (D:6)
  2 howler monkeys (D:5)
  2 centaur zombies
  2 orc priests (D:4)
  4 hounds
  A jelly (D:6)
  4 orc wizards
  2 centaur skeletons (D:4)
  A gnoll shaman (D:5)
  2 worker ants
  2 hound skeletons (D:4)
  A worker ant zombie (D:6)
  6 gnolls
  6 adders
  2 oozes
  An ufetubus (D:6)
  3 adder skeletons
  6 worms
  3 dart slugs
  4 leopard geckos
  17 orcs
  5 giant cockroaches
  8 goblins
  8 hobgoblins
  7 jackals
  3 quokkas
  2 ball pythons
  A ball python zombie (D:5)
  6 bats
  8 frilled lizards
  A jackal zombie (D:5)
  6 kobolds
  A leopard gecko zombie (D:6)
  6 rats
149 creatures vanquished.

Vanquished Creatures (collateral kills)
  13 foxfires
13 creatures vanquished.

Vanquished Creatures (others)
  650 foxfires
  8 plants (D:1)
658 creatures vanquished.

Grand Total: 820 creatures vanquished

Notes
Turn   | Place    | Note
-------+----------+-------------------------------------------
     0 | D:1      | Arthanis the Deep Elf Fire Elementalist began the quest for
                  | the Orb.
     0 | D:1      | Reached XP level 1. HP: 10/10 MP: 6/6
   292 | D:1      | Reached XP level 2. HP: 15/15 MP: 4/8
   949 | D:1      | Reached skill level 4 in Fire Magic
  1239 | D:1      | Reached XP level 3. HP: 19/19 MP: 7/10
  1344 | D:1      | Learned a level 3 spell: Conjure Flame
  1866 | D:2      | Found a faded altar of an unknown god.
  1872 | D:2      | Reached XP level 4. HP: 24/24 MP: 6/11
  1877 | D:2      | Learned a level 4 spell: Sticky Flame
  2781 | D:3      | Reached skill level 5 in Fire Magic
  2889 | D:3      | Reached XP level 5. HP: 28/28 MP: 5/13
  3876 | D:4      | Noticed an ogre
  3898 | D:4      | Killed an ogre
  3899 | D:4      | Reached skill level 5 in Spellcasting
  3899 | D:4      | Reached XP level 6. HP: 32/32 MP: 10/15
  3950 | D:4      | Noticed a sky beast
  3987 | D:4      | Killed a sky beast
  3988 | D:4      | Reached skill level 6 in Fire Magic
  4451 | D:4      | Reached XP level 7. HP: 36/36 MP: 12/17
  4610 | D:4      | Reached skill level 7 in Fire Magic
  4658 | D:4      | Learned a level 5 spell: Fireball
  4930 | D:4      | Noticed Eustachio
  4938 | D:4      | Killed Eustachio
  5398 | D:5      | Entered Level 5 of the Dungeon
  5565 | D:5      | Reached skill level 5 in Conjurations
  5686 | D:5      | Reached XP level 8. HP: 41/41 MP: 10/20
  5690 | D:5      | Reached skill level 8 in Fire Magic
  6863 | D:6      | Found a staircase to the Ecumenical Temple.
  6876 | D:6      | Reached skill level 9 in Fire Magic
  6877 | Temple   | Entered the Ecumenical Temple
  6885 | Temple   | Became a worshipper of Vehumet
  7346 | D:6      | Reached XP level 9. HP: 45/45 MP: 11/23
  7501 | D:6      | Got a crystal quarterstaff
  7502 | D:6      | Identified the +0 quarterstaff "Arcanum" {vorpal, Str+3}
                  | (You found it on level 6 of the Dungeon)
  7617 | D:6      | Reached skill level 10 in Fire Magic
  7730 | D:6      | HP: 1/45 [gnoll/+3 quarterstaff (8)]
  7731 | D:6      | Mangled by a gnoll

Illustrated notes

Levels and vault maps discovered:
D:1:      scummos_arrival_simple_fountains, layout_loops_ring, serial_forest,
          infiniplex_forest_pool, infiniplex_forest_clump_small,
          infiniplex_forest_clump_long, infiniplex_forest_diagonal,
          infiniplex_forest_lined_room_2, infiniplex_forest_clump_curved,
          infiniplex_forest_lined_4_way, infiniplex_forest_straight_1,
          infiniplex_forest_lined_room_
D:2:      layout_basic, chequers_ecumenical_altar_island, minmay_misc_feat_tower
D:3:      layout_loops_corners, st_stairs_2
D:4:      layout_loops_ring, serial_glass, glass_columns_a, glass_columns_a,
          solitary_fountain, uniq_eustachio
D:5:      layout_loops_corners
D:6:      layout_rooms, okawaru_gym_becter, minmay_temple_entry_trees
Temple:   regret_index_temple_sigil_plot

Skill      XL: |  1  2  3  4  5  6  7  8  9 |
---------------+----------------------------+-----
Fire Magic     | 4 5 6 7 9 10 | 10.1
Conjurations   | 2 3 4 5 6 |  6.7
Spellcasting   | 4 5 6 8 |  8.5
Dodging        | |  2.4
Stealth        | |  2.4

Action                   |  1- 3 |  4- 6 |  7- 9 || total
-------------------------+-------+-------+-------++-------
Melee: Dagger            |     4 |     7 |       ||    11
       Unarmed           |     1 |       |       ||     1
 Cast: Foxfire           |   103 |   154 |   196 ||   453
       Sticky Flame      |       |     1 |    17 ||    18
       Conjure Flame     |       |     1 |     3 ||     4
  Use: Scroll            |       |       |     8 ||     8
       Potion            |       |       |     2 ||     2
 Stab: Sleeping          |     1 |       |       ||     1
Armor: Robe              |       |     9 |     5 ||    14
Dodge: Dodged            |     7 |    22 |    47 ||    76

Table legend: (Time is in decaauts)
 A = Elapsed time spent in this place.
 B = Non-inter-level travel time spent in this place.
 C = Inter-level travel time spent in this place.
 D = Time resting spent in this place.
 E = Time spent auto-exploring this place.
 F = Levels seen in this place.
 G = Mean time per level.
                   A        B        C        D        E       F      G
               +--------+--------+--------+--------+--------+-----+--------+
         Total |   7728 |   7524 |    204 |    211 |   6249 |   7 | 1104.0 |
       Dungeon |   7503 |   7299 |    204 |      4 |   6249 |   6 | 1250.5 |
        Temple |    225 |    225 |      0 |    207 |      0 |   1 |  225.0 |
               +--------+--------+--------+--------+--------+-----+--------+

Top non-repeatable levels by time:
     D:4: 1749 daAuts
     D:5: 1463 daAuts
     D:1: 1379 daAuts
     D:3: 1227 daAuts
     D:2: 1040 daAuts
     D:6: 643 daAuts
  Temple: 225 daAuts
